 Dungeon Crawl Stone Soup version 0.21.1-1-g345015fe64 (webtiles) character file.

19 Ivernyr the Charmwright (level 2, -2/22 HPs)
             Began as a Human Skald on June 7, 2018.
             Slain by Crazy Yiuf
             ... wielding a +2 quarterstaff of chaos
              (3 damage)
             ... on level 2 of the Dungeon.
             The game lasted 00:02:35 (1256 turns).

Ivernyr the Charmwright (Human Skald)               Turns: 1256, Time: 00:02:35

Health: -2/22      AC:  3    Str: 11    XL:     2   Next: 95%
Magic:  5/5        EV: 12    Int: 13    God:
Gold:   63         SH:  0    Dex: 12    Spells: 0/5 levels left

rFire    . . .     SeeInvis .   a - +0 falchion
rCold    + . .     Gourm    .   (no shield)
rNeg     . . .     Faith    .   b - +0 leather armour {rC+}
rPois    .         Spirit   .   (no helmet)
rElec    .         Reflect  .   (no cloak)
rCorr    .         Harm     .   (no gloves)
MR       .....                  (no boots)
Stlth    +.........             (no amulet)
HPRegen  0.07/turn              j - ring of flight
MPRegen  0.09/turn              (no ring)

@: slowed, very slow
A: no striking features
a: Evoke Flight


You were on level 2 of the Dungeon.
You were very hungry.

You visited 1 branch of the dungeon, and saw 2 of its levels.

You collected 63 gold pieces.

Inventory:

Hand Weapons
 a - a +0 falchion (weapon)
Missiles
 e - a tomahawk (quivered)
 f - 7 poisoned needles
Armour
 b - a +0 leather armour of cold resistance (worn)
Jewellery
 j - a ring of flight (left hand)
Wands
 m - a wand of random effects (15)
Scrolls
 g - 2 scrolls of magic mapping {unknown}
 h - a scroll of teleportation {unknown}
 k - a scroll of identify {unknown}
 l - a scroll of enchant armour {unknown}
Potions
 i - a potion of might {unknown}
Books
 c - a book of Battle

   Spells                             Type                      Level
   a - Infusion                       Charms                       1
   b - Shroud of Golubria             Charms/Translocation         2
   c - Song of Slaying                Charms                       2
   d - Spectral Weapon                Hexes/Charms                 3
   e - Regeneration                   Charms/Necromancy            3
Comestibles
 d - 3 rations


   Skills:
 - Level 2.0 Fighting
 - Level 2.0 Long Blades
 * Level 1.3 Throwing
 + Level 1.4 Armour
 - Level 2.0 Dodging
 - Level 2.0 Spellcasting
 * Level 3.3 Charms


You couldn't memorise any spells.
You knew the following spells:

 Your Spells              Type           Power        Failure   Level  Hunger
a - Shroud of Golubria    Chrm/Tloc      #.........   26%         2    ###....
b - Song of Slaying       Chrm           ##......     13%         2    ###....
c - Infusion              Chrm           ##..         9%          1    ##.....


Dungeon Overview and Level Annotations

Branches:
Dungeon (2/15)

Altars:

Annotations:
D:2 Crazy Yiuf


Message History

Aim: Crazy Yiuf, wielding a quarterstaff of chaos and wearing a cloak You throw a tomahawk.
The tomahawk hits Crazy Yiuf.
Crazy Yiuf is moderately wounded.
Throwing (i - inventory):
e - 3 tomahawks (quivered)
Press: ? - help, Shift-Dir - straight line, f/p - Crazy Yiuf
Aim: Crazy Yiuf, wielding a quarterstaff of chaos and wearing a cloak (moderately wounded)
You throw a tomahawk. The tomahawk hits Crazy Yiuf.
Crazy Yiuf is severely wounded.
Crazy Yiuf hits you with a quarterstaff of chaos!
You feel yourself slow down.
Throwing (i - inventory):
e - 2 tomahawks (quivered)
Press: ? - help, Shift-Dir - straight line, f/p - Crazy Yiuf
Aim: Crazy Yiuf, wielding a quarterstaff of chaos and wearing a cloak (severely wounded)
You throw a tomahawk. The tomahawk barely misses Crazy Yiuf.
Crazy Yiuf hits you with a quarterstaff of chaos!
* * * LOW HITPOINT WARNING * * *
Crazy Yiuf freezes you.
* * * LOW HITPOINT WARNING * * *
Crazy Yiuf hits you with a quarterstaff of chaos.
You die...

#+### ..... # ....##
### ## .....## #.## ##.
......#### #..####..
......'..##♣♣ ###
#.....'..
......#.....♣♣ ♣♣#..)#
#..####..
.....##......♣♣♣♣g'(((#
#..# ##.
....####......♣.@♣#...#
#.## ## ...##
##....♣.♣♣♣ ### ### #
#..# ###♣♣♣♣♣ #..######
##### ........# ###
##...##### #..####.#
#.# #......... ...##
#.# #..#..###. ....#
#.# #.....# #. ...##
#.# ##.#.####.


You could see Crazy Yiuf.

Vanquished Creatures
  2 dart slugs (D:1)
  2 bats
  4 goblins (D:1)
  3 hobgoblins
  2 kobolds (D:1)
  A rat (D:1)
14 creatures vanquished.

Notes
Turn   | Place    | Note
-------+----------+-------------------------------------------
     0 | D:1      | Ivernyr the Human Skald began the quest for the Orb.
     0 | D:1      | Reached XP level 1. HP: 16/16 MP: 3/3
   348 | D:1      | Reached XP level 2. HP: 19/22 MP: 5/5
   393 | D:1      | Learned a level 2 spell: Song of Slaying
   396 | D:1      | Learned a level 2 spell: Shroud of Golubria
   454 | D:1      | Reached skill level 1 in Throwing
  1248 | D:2      | Found a runed door.
  1252 | D:2      | Noticed Crazy Yiuf
  1255 | D:2      | HP: 1/22 [Crazy Yiuf/quarterstaff of chaos (2)]
  1256 | D:2      | Slain by Crazy Yiuf

Skill      XL: |  1  2 |
---------------+-------+-----
Throwing       | 1 |  1.3
Fighting       | |  2.0
Long Blades    | |  2.0
Armour         | |  1.4
Dodging        | |  2.0
Spellcasting   | |  2.0
Charms         | |  3.3

Action                   || total
-------------------------++-------
Melee: Falchion          ||    67
Throw: Tomahawk          ||     3
Armor: Leather armour    ||    21
Dodge: Dodged            ||    49
       Rpst.: Falchion   ||    21
